 Dungeon Crawl Stone Soup version 0.29-a0-233-g1125b37a9b (webtiles) character file.

Game seed: 15660704078605065134

177 iguanaiguana the Ruffian (level 5, -2/39 HPs)
             Began as a Palentonga Transmuter on Mar 1, 2022.
             Succumbed to an orc priest's poison
             ... on level 2 of the Dungeon.
             The game lasted 00:08:58 (2138 turns).

iguanaiguana the Ruffian (Palentonga Transmuter)    Turns: 2138, Time: 00:08:59

Health: -2/39      AC:  4    Str: 10 (13) XL:     5   Next: 30%
Magic:  6/8        EV:  9    Int: 15 (16) God:
Gold:   109        SH:  0    Dex:  9 (10) Spells: 5/8 levels left

rFire   . . .      SeeInvis +     - Unarmed
rCold   . . .      Faith    .   (no shield)
rNeg    . . .      Spirit   .   a - +0 robe
rPois   .          Reflect  .   (helmet currently unavailable)
rElec   .          Harm     .   (no cloak)
rCorr   .          Rampage  .   (no gloves)
Will    .....                   (no barding)
Stlth   +.........              (no amulet)
HPRegen 0.13/turn               (no ring)
MPRegen 0.11/turn               (no ring)

@: lethally poisoned (-2 -> -15), appendages (expiring), wereblooded, flying
A: horns 2, talons 2, large, rugged brown scales 3, see invisible, deformed
body, roll 1, armoured tail
a: Rolling Charge, End Transformation


You were on level 2 of the Dungeon.
You had temporarily grown beastly horns and talons.
You visited 1 branch of the dungeon, and saw 3 of its levels.

You collected 109 gold pieces.

Inventory:

Missiles
 g - a throwing net
 i - 6 poisoned darts
Armour
 a - a +0 robe (worn)
Scrolls
 b - 3 scrolls of identify {unknown}
 c - 2 scrolls of fog {unknown}
 d - 2 scrolls of teleportation {unknown}
 f - 2 scrolls of fear {unknown}


   Skills:
 - Level 1.0 Fighting
 - Level 1.5 Dodging
 + Level 4.4 Unarmed Combat
 - Level 2.0 Spellcasting
 * Level 4.1 Transmutations
 * Level 1.2 Poison Magic


You had 5 spell levels left.
You knew the following spells:

 Your Spells              Type           Power      Damage    Failure   Level
a - Beastly Appendage     Tmut           26%        N/A       4%          1
b - Wereblood             Tmut           13%        N/A       6%          2

Your spell library contained the following spells:

 Spells                   Type           Power      Damage    Failure   Level
 Slow                     Hex            4%         N/A       22%         1
 Spider Form              Tmut/Pois      9%         N/A       22%         3
 Sublimation of Blood     Necr           1%         N/A       32%         2
 Confusing Touch          Hex            1%         N/A       54%         3
 Vampiric Draining        Necr           1%         2d6       54%         3
 Ice Form                 Ice/Tmut       7%         N/A       67%         4
 Summon Hydra             Summ           0%         N/A       100%        7


Dungeon Overview and Level Annotations

Branches:
Dungeon (3/15)

Altars:


Innate Abilities, Weirdness & Mutations

You have temporarily grown beastly horns and talons.
You are completely covered in rugged brown scales. (AC +3, +7% HP)
You have supernaturally acute eyesight. (SInv)
Armour fits poorly on your strangely shaped body.
You can roll at nearby foes to attack.
You have a long armoured tail.


Message History

You are poisoned.
Okay, then.
You feel sick.
Things that are here:
a +0 club; an orc corpse You feel sick.
There is a stone staircase leading up here.
You feel sick.
The orc priest hits you with a +0 short sword of venom.
* * * LOW HITPOINT WARNING * * *
You are more poisoned.
You climb upwards.
* * * LOW HITPOINT WARNING * * *
You feel very sick.
There is a stone staircase leading down here.
It was a potion of curing.
You feel better.
The orc priest invokes the aid of Beogh against you.
Pain shoots through your body!
* * * LOW HITPOINT WARNING * * *
The orc priest mumbles some strange prayers to Beogh against you.
Beogh smites you!
* * * LOW HITPOINT WARNING * * *
It was a potion of flight.
You feel very buoyant.
You fly up into the air.
It was a potion of degeneration.
There was something very wrong with that liquid.
You feel weakened.
You feel dopey.
You feel clumsy.
The orc priest hits you with a +0 short sword of venom.
* * * LOW HITPOINT WARNING * * *
You are lethally poisoned!
You aren't carrying any potions.
Throw: 2 throwing nets
Press: ? - help, Shift-Dir - straight line, f - orc priest
Aim: an orc priest, wielding a +0 short sword of venom and wearing a +0 leather armour (lightly wounded, 52% to hit)
You throw a throwing net. The throwing net hits the orc priest.
The orc priest is caught in the net!
The orc priest is lightly wounded.
Your transformation is almost over.
You die...

#.........##..#. #
########.........##..## #
#<.^.......###...##..#. #
#.########## #.#.##..## # ##.#
#.#....... ##########..#
#.#.....#. รท..........##
#.#.###.## ############
###########..)##..#.
>#############..@o......#...#..#8
..........).............#.#.#..#8
##############.....<...[#.#....##
# ####..#######..#...... #
#....## #....##...... # #.####
#....##...... ##.# #..).##......
####..# ###.###...... #....##
##..# ##.....


You could see an orc priest (caught).

Vanquished Creatures
  A hound (D:3)
  3 gnolls (D:2)
  5 adders (D:2)
  A worm (D:2)
  2 dart slugs
  2 orcs (D:3)
  8 ball pythons
  6 endoplasms
  2 giant cockroaches (D:1)
  6 goblins
  6 hobgoblins
  3 jackals (D:1)
  3 quokkas
  6 bats
  2 frilled lizards
  2 kobolds
  9 rats
67 creatures vanquished.

Notes
Turn   | Place    | Note
-------+----------+-------------------------------------------
     0 | D:1      | iguanaiguana the Palentonga Transmuter began the quest for
                  | the Orb.
     0 | D:1      | Reached XP level 1. HP: 16/16 MP: 3/3
   349 | D:1      | Reached XP level 2. HP: 22/22 MP: 3/5
   426 | D:1      | Learned a level 2 spell: Wereblood
   836 | D:1      | Reached XP level 3. HP: 27/27 MP: 2/6
  1285 | D:2      | Reached XP level 4. HP: 31/34 MP: 4/7
  1696 | D:2      | Reached XP level 5. HP: 39/39 MP: 5/8
  1877 | D:2      | Found a faded altar of an unknown god.
  2113 | D:3      | Reached skill level 1 in Poison Magic
  2137 | D:2      | HP: 1/39 [orc priest/+0 short sword of venom (3)]
  2138 | D:2      | Succumbed to an orc priest's poison

Illustrated notes

Levels and vault maps discovered:
D:1:      dpeg_arrival_ratfight, layout_loops_ring
D:2:      layout_rooms, shapermc_ecumenical_altar_mp_vishouse
D:3:      layout_rooms, makhleb_altar_promises_db, cheibrodos_gnoll_hut

Skill      XL: |  1  2  3  4  5 |
---------------+----------------+-----
Unarmed Combat | 4 |  4.4
Transmutations | 3 4 |  4.1
Poison Magic   | 1 |  1.2
Fighting       | |  1.0
Dodging        | |  1.5
Spellcasting   | |  2.0

Action                   |  1- 3 |  4- 6 || total
-------------------------+-------+-------++-------
Melee: Unarmed           |    76 |    67 ||   143
       Headbutt          |    12 |     9 ||    21
       Kick              |    13 |    12 ||    25
       Tailslap          |     4 |     9 ||    13
       Punch             |     3 |     1 ||     4
Throw: Throwing net      |       |     1 ||     1
 Cast: Beastly Appendage |    19 |     9 ||    28
       Wereblood         |     7 |     9 ||    16
 Abil: Rolling Charge    |     1 |    17 ||    18
  Use: Potion            |       |     3 ||     3
 Stab: Sleeping          |     1 |       ||     1
Armor: Robe              |    38 |    17 ||    55
Dodge: Dodged            |    47 |    26 ||    73

Table legend: (Time is in decaauts)
 A = Elapsed time spent in this place.
 B = Non-inter-level travel time spent in this place.
 C = Inter-level travel time spent in this place.
 D = Time resting spent in this place.
 E = Time spent auto-exploring this place.
 F = Levels seen in this place.
 G = Mean time per level.
                   A        B        C        D        E       F      G
               +--------+--------+--------+--------+--------+-----+--------+
         Total |   2130 |   1867 |    263 |    193 |   1272 |   3 |  710.0 |
       Dungeon |   2130 |   1867 |    263 |    193 |   1272 |   3 |  710.0 |
               +--------+--------+--------+--------+--------+-----+--------+

Top non-repeatable levels by time:
     D:1: 1359 daAuts
     D:2: 706 daAuts
     D:3: 64 daAuts
